[Event "1000 GM Labor Day Super Swiss 2024"]
[Site "San Jose"]
[Date "2024.08.31"]
[Round "2.11"]
[White "Bhatta, Rohit"]
[Black "Chen, Ryo"]
[Result "0-1"]
[Annotator "TA"]
[ECO "E62"]
[WhiteElo "2025"]
[BlackElo "2408"]
[PlyCount "62"]
[EventDate "2024.08.30"]
[EventCountry "USA"]
[SourceTitle "playchess.com"]
[Source "ChessBase"]
[SourceQuality "1"]
[TimeControl "5400+30"]

1. d4 Nf6 2. c4 g6 3. g3 Bg7 4. Bg2 O-O 5. Nc3 d6 6. Nf3 c6 7. O-O Bf5 8. Ne1 e5 9. d5 cxd5 10. cxd5 a5 11. e4 {[%emt 0:04:20] White is slightly better.} Bd7 12. Nd3 b5 13. a3 Na6 14. b4 Qc7 15. Bd2 axb4 16. axb4 Rfc8 17. Qb1 Qb6 18. Be3 Qb7 19. Rc1 Rc4 (19... Ng4 $5) 20. Qb3 Rac8 (20... Ng4 $11 {should be considered.}) 21. Ra3 (21. f3 $14) 21... Ng4 $11 {[%emt 0:02:26] [#] ...Nxe3 is the strong threat.} 22. Bd2 Qb6 23. h3 (23. Be1 $11) 23... Nxb4 $1 $15 24. hxg4 $4 {[%emt 0:05:10][%mdl 8192] Loses the game.} (24. Nd1 $15 Rxc1 25. Nxc1) 24... Nxd3 $19 25. Rf1 b4 ({Less strong is} 25... Bxg4 26. Qxb5 Qd8 27. Rb1 $17) 26. Raa1 $2 {[%emt 0:01:15] [#]} (26. Na4 Qd4 27. Raa1 Bxa4 (27... Bxg4 28. Be3 $16) 28. Qxa4) 26... Rxc3 {[%emt 0:00:16] Black is clearly winning.} 27. Bxc3 Rxc3 28. Ra8+ Bf8 29. Qa2 Bxg4 30. Qd2 Kg7 31. Rfa1 Be7 {[%emt 0:02:11] Weighted Error Value: White=0.63/Black=0.10 (very precise) .  Loses game:     	White=1     	---        Mistake:       	White=3     	Black=1      Inaccurate:     	White=3     	Black=1      OK:         	White=4     	Black=7      Best:        	---       	Black=2      Strong:       	---       	Black=1} 0-1

[Event "1000 GM Labor Day Super Swiss 2024"]
[Site "San Jose"]
[Date "2024.08.31"]
[Round "2.12"]
[White "Kiewra, Keaton"]
[Black "Biyiasas, Theodore"]
[Result "1-0"]
[Annotator "TA"]
[ECO "A11"]
[WhiteElo "2287"]
[BlackElo "1973"]
[PlyCount "69"]
[EventDate "2024.08.30"]
[EventCountry "USA"]
[SourceTitle "playchess.com"]
[Source "ChessBase"]
[SourceQuality "1"]
[TimeControl "5400+30"]

1. Nf3 d5 2. b3 Nf6 3. Bb2 e6 4. c4 Nbd7 5. e3 Bd6 6. Nc3 O-O 7. Qc2 c6 8. Be2 Re8 9. g4 Nxg4 $15 10. Rg1 f5 (10... Nxh2 $6 11. Rxg7+ Kxg7 12. Ne4+ e5 13. Nxd6 Nxf3+ 14. Bxf3 $11) (10... Ngf6 $17) 11. h3 {[%emt 0:02:26] The position is equal.} Nge5 12. Nd4 (12. cxd5 $11 Nxf3+ (12... cxd5 13. Nb5 $11) (12... exd5 13. Nd4 $11) 13. Bxf3 exd5 (13... cxd5 14. Nb5 $11) 14. O-O-O (14. Nxd5 Ne5 $17)) 12... Nf6 (12... dxc4 $17 13. bxc4 c5) 13. cxd5 $11 cxd5 14. Ncb5 {[%emt 0:01:45] Hoping for Nxd6.} a6 15. Nxd6 Qxd6 16. Rc1 Rf8 17. Qc7 Qxc7 18. Rxc7 Ng6 19. Nf3 {[%emt 0:02:00][%mdl 1024] White has strong compensation. White has more active pieces.} Ne8 $1 20. Rc1 Bd7 21. Ba3 Rf6 22. Bb2 Rf8 23. h4 $1 {[%emt 0:01:19] Strongly threatening h5.} Rc8 24. Rxc8 Bxc8 25. h5 $36 {[%emt 0:00:27][%mdl 2048] White is more active.} Nh8 26. h6 {[%emt 0:03:39] Black is weak on the dark squares} Ng6 $2 (26... g6 $11 {and Black stays safe.}) 27. hxg7 $1 $18 Nxg7 28. Ne5 $1 {[%emt 0:00:19] Dodges Rf7} Nxe5 29. Bxe5 Rf7 30. f4 (30. a4 $18) 30... Kf8 31. Kf2 ({Better is} 31. a4 $18) 31... Bd7 {[%emt 0:00:17] [#]} (31... b5 $16 {keeps fighting.} 32. Rh1 Ne8) 32. Bd6+ $1 {[%emt 0:00:32] This pair of bishops is nice.} Ke8 $2 {[%emt 0:00:24] [#]} (32... Kg8 33. Bh5 Bb5 34. Bxf7+ Kxf7) 33. Bh5 $1 Nxh5 (33... Bc6 34. Rxg7) 34. Rg8+ Rf8 35. Rxf8# {[%emt 0:00:04] Weighted Error Value: White=0.15 (very precise) /Black=0.54.  Mistake:       	White=3     	Black=5      Inaccurate:     	White=2     	Black=2      OK:         	White=8     	Black=9      Best:        	White=1     	Black=1      Strong:       	White=3     	Black=1      Brilliant:      	White=1     	---} 1-0

[Event "1000 GM Labor Day Super Swiss 2024"]
[Site "San Jose"]
[Date "2024.08.31"]
[Round "2.13"]
[White "Tang, Dylan"]
[Black "Guo, Andrew"]
[Result "1/2-1/2"]
[Annotator "TA"]
[ECO "B33"]
[WhiteElo "2092"]
[BlackElo "2207"]
[PlyCount "86"]
[EventDate "2024.08.30"]
[EventCountry "USA"]
[SourceTitle "playchess.com"]
[Source "ChessBase"]
[SourceQuality "1"]
[TimeControl "5400+30"]

1. e4 c5 2. Nf3 Nc6 3. d4 cxd4 4. Nxd4 Nf6 5. Nc3 e5 6. Ndb5 d6 7. Bg5 a6 8. Na3 b5 9. Nd5 Be7 10. Bxf6 Bxf6 11. c3 Bg5 12. Nc2 Rb8 13. a4 bxa4 14. Ncb4 Nxb4 15. Nxb4 Bd7 {[%emt 0:00:00] Prevents Nc6. ...a5 would now be deadly.} 16. Bxa6 Qa5 17. Qxd6 Rb6 18. Qd3 Be6 {[%emt 0:00:00] [#] White must now prevent ...Be7. A strong pair of Bishops.} 19. O-O O-O 20. Rfd1 Be7 21. Bc4 Bxc4 (21... Bxb4 $11 22. cxb4 Qxb4 23. Bxe6 Rxe6) 22. Qxc4 $16 Bxb4 {[%emt 0:00:00] [#]} 23. cxb4 {[%emt 0:00:00] White is more active.} (23. Rd5 $1 $16 Qa6 24. Qxa6 Rxa6 25. cxb4) 23... Qxb4 {[%emt 0:00:00] The position is equal.} 24. Rxa4 Qxc4 25. Rxc4 Rxb2 $11 {[%emt 0:00:00][%mdl 4096] Endgame. KRR-KRR} 26. Rc5 f6 27. Rc7 Rfb8 28. h4 {[%emt 0:00:00] Threatens to win with Rdd7.} Rb1 29. Rxb1 Rxb1+ {[%emt 0:00:00] KR-KR} 30. Kh2 h5 31. f3 Kh7 32. Kg3 Kg6 33. Ra7 Rc1 34. Rb7 Rh1 35. Rc7 Ra1 36. Rc8 Rb1 37. Ra8 Rc1 38. Ra7 Rb1 39. Rd7 Rc1 40. Ra7 Rb1 41. Rc7 Ra1 42. Rb7 Rc1 43. Ra7 Rb1 {[%emt 0:00:00] Weighted Error Value: White=0.09 (flawless) /Black=0.09 (flawless) .  Mistake:       	White=1     	Black=1      OK:         	White=10    	Black=11     Best:        	White=2     	Black=2} 1/2-1/2

[Event "1000 GM Labor Day Super Swiss 2024"]
[Site "San Jose"]
[Date "2024.08.31"]
[Round "2.14"]
[White "Deng, Henry"]
[Black "Champsi, Imran"]
[Result "1/2-1/2"]
[Annotator "TA"]
[ECO "C50"]
[WhiteElo "2338"]
[BlackElo "2012"]
[PlyCount "104"]
[EventDate "2024.08.30"]
[EventCountry "USA"]
[SourceTitle "playchess.com"]
[Source "ChessBase"]
[SourceQuality "1"]
[TimeControl "5400+30"]

1. e4 e5 2. Nf3 Nc6 3. Bc4 Bc5 4. Nc3 a6 5. d3 h6 6. Be3 Bxe3 7. fxe3 d6 8. d4 {[%emt 0:03:59] White has an edge.} Nf6 9. O-O O-O 10. a3 exd4 11. exd4 Nxe4 12. Nxe4 {[%emt 0:01:01] [#] Black must now prevent Ng3.} d5 13. Bd3 dxe4 14. Bxe4 Ne7 15. Qe2 {[%emt 0:10:20] White is more active.} c6 16. Rad1 Bg4 17. Qf2 Nd5 (17... f5 $5 18. Bd3 $8 Bxf3 19. gxf3 Ng6 $14) 18. h3 Nf6 19. hxg4 Nxe4 20. Qe3 Ng5 21. Nxg5 {[%emt 0:00:00] The position is equal.} Qxg5 22. Qxg5 hxg5 $11 {[%emt 0:00:06][%mdl 4096] Endgame. KRR-KRR} 23. d5 cxd5 24. Rxd5 f6 25. Rd7 Rf7 26. Rfd1 Rc8 27. Rxf7 Kxf7 {[%emt 0:00:02] KR-KR} 28. Rd7+ Ke6 29. Rxg7 Rxc2 30. Rxb7 Ke5 31. Kh2 Rd2 32. Rb6 a5 33. Kg3 Rd3+ 34. Kf2 Kf4 35. Ke2 Re3+ 36. Kd2 Rg3 37. Rxf6+ Kxg4 38. Rf2 Rb3 39. Ke1 Kg3 40. Rc2 g4 41. Kf1 {[%emt 0:00:00] [#] Hoping for Rc3+.} Kh2 42. Rc4 Rxb2 43. Rxg4 Rb1+ 44. Ke2 (44. Kf2 $5 Rb2+ $8 45. Kf1 $11) 44... Rb2+ 45. Kd1 Rxg2 46. Rh4+ Kg3 47. Rh5 Kf3 48. Rxa5 Ke4 49. Kc1 Kd4 50. Rb5 Kc3 51. Rd5 Rg1+ 52. Rd1 Rxd1+ {[%emt 0:00:09] Weighted Error Value: White=0.04 (flawless) /Black=0.03 (flawless) .  Inaccurate:     	White=2     	Black=2      OK:         	White=17    	Black=33     Best:        	White=2     	Black=1} 1/2-1/2

[Event "1000 GM Labor Day Super Swiss 2024"]
[Site "San Jose"]
[Date "2024.08.31"]
[Round "2.15"]
[White "Sivakumar, Shaashwath"]
[Black "Yan, Nathan"]
[Result "1/2-1/2"]
[Annotator "TA"]
[ECO "E05"]
[WhiteElo "2321"]
[BlackElo "2160"]
[PlyCount "66"]
[EventDate "2024.08.30"]
[EventCountry "USA"]
[SourceTitle "playchess.com"]
[Source "ChessBase"]
[SourceQuality "1"]
[TimeControl "5400+30"]

1. d4 Nf6 2. c4 e6 3. g3 d5 4. Nf3 Be7 5. Bg2 O-O 6. O-O dxc4 7. Qc2 a6 8. a4 Bd7 9. Qxc4 Bc6 10. Bf4 Nbd7 11. Nc3 Nb6 12. Qb3 Nbd5 13. Bd2 Nxc3 {[%emt 0:00:00] White has an edge.} 14. bxc3 Be4 15. Rfd1 c5 16. Bg5 Nd5 17. Bxe7 (17. c4 $14) 17... Qxe7 $11 18. Ne5 Bxg2 19. Kxg2 cxd4 20. cxd4 Rfc8 21. Rdc1 Qb4 (21... a5 $11) 22. Qd3 ({White should try} 22. Qxb4 $16 Nxb4 23. e4) 22... Rc3 (22... Rxc1 $5 23. Rxc1 Qxa4 $14) 23. Rxc3 Qxc3 24. Rb1 f6 25. Rb3 Qc7 26. Nf3 Rc8 27. h4 (27. a5 $142) 27... Nc3 28. a5 Nb5 29. Qe4 Qc6 30. Qf4 Qd5 31. Rb2 Nd6 32. h5 Nc4 33. e4 Nd6 $2 {[%emt 0:00:30][%mdl 40960] Weighted Error Value: White=0.17 (very precise) /Black=0.14 (very precise) .  Loses game:     	---       	Black=1      Mistake:       	White=3     	Black=1      Inaccurate:     	White=3     	Black=4      OK:         	White=8     	Black=7     . An unexpected result.} 1/2-1/2

[Event "1000 GM Labor Day Super Swiss 2024"]
[Site "San Jose"]
[Date "2024.08.31"]
[Round "2.17"]
[White "Bansal, Advay"]
[Black "Alfaro, William"]
[Result "1/2-1/2"]
[Annotator "RC"]
[ECO "B31"]
[WhiteElo "2234"]
[BlackElo "2137"]
[PlyCount "91"]
[EventDate "2024.08.30"]
[EventCountry "USA"]
[SourceTitle "playchess.com"]
[Source "ChessBase"]
[SourceQuality "1"]
[TimeControl "5400+30"]

1. e4 c5 2. Nf3 Nc6 3. Bb5 g6 4. O-O Bg7 5. c3 Nf6 6. Re1 O-O 7. d4 d5 8. e5 Ne4 9. Bxc6 bxc6 10. Be3 cxd4 11. cxd4 Rb8 12. Qc1 f6 13. Nbd2 g5 14. Qxc6 Rxb2 15. Nxe4 dxe4 16. Qxe4 g4 17. exf6 exf6 18. Nd2 f5 19. Qf4 Bb7 20. Rab1 Qd5 21. f3 Rxa2 22. Rbc1 gxf3 23. Nxf3 Qe4 24. Qxe4 Bxe4 25. Ra1 Rb2 26. Rxa7 Bxf3 27. gxf3 f4 28. Bf2 Rc8 29. d5 Rd2 30. Rd7 Rcc2 31. Re8+ Bf8 32. Rdd8 Rxf2 33. Rxf8+ Kg7 34. Rg8+ Kf6 35. Rdf8+ Ke5 36. Rg5+ Kd4 37. Re8 Rfd2 38. Ree5 Kc5 39. Re1 Rxd5 40. h4 Rcd2 41. Ree5 Rxe5 42. Rxe5+ Rd5 43. Re4 Rd4 44. Re7 h5 45. Rg7 Rd5 46. Rf7 1/2-1/2

[Event "1000 GM Labor Day Super Swiss 2024"]
[Site "San Jose"]
[Date "2024.08.31"]
[Round "2.18"]
[White "Harish, Neeraj"]
[Black "Chinni, Rishabh"]
[Result "0-1"]
[Annotator "TA"]
[ECO "A13"]
[WhiteElo "2118"]
[BlackElo "2220"]
[PlyCount "108"]
[EventDate "2024.08.30"]
[EventCountry "USA"]
[SourceTitle "playchess.com"]
[Source "ChessBase"]
[SourceQuality "1"]
[TimeControl "5400+30"]

1. c4 Nf6 2. Nf3 e6 3. g3 d5 4. Bg2 c5 5. O-O Bd6 6. cxd5 exd5 7. d4 c4 8. Bg5 {[%emt 0:02:34] White is slightly better.} O-O 9. Nc3 {[%emt 0:01:09] And now Nxd5 would win.} Be7 10. b3 Qa5 11. Bxf6 Bxf6 12. Rc1 Nc6 13. e4 Bg4 (13... cxb3 $142 14. Nxd5 bxa2 (14... Qxa2 $2 15. Nxf6+ gxf6 16. d5 $16)) 14. e5 $2 (14. Nxd5 $16 Bxd4 15. Rxc4) 14... Bg5 $15 15. Rc2 cxb3 {[%emt 0:10:31] Black has more active pieces.} ({Black should try} 15... Be7 $1 $17 16. Qd2 Rad8) 16. axb3 $11 Bh6 (16... Nb4 $5 17. Rb2 $8 Qc7 $11) 17. Ne2 Nb4 18. Rc5 Qa6 19. h3 $1 Bf5 20. g4 Bd3 21. Ng3 b6 $36 {[%emt 0:03:35][%mdl 2048] Black has good play.} (21... g6 $5) 22. Rc3 {[%emt 0:00:00][%cal Og4g5] Strongly threatening g5!} g6 $1 23. Re1 Bf4 24. Qa1 Rac8 25. Qxa6 (25. Qb2 $1 $11) 25... Bxa6 $17 {[%emt 0:00:12] A strong pair of Bishops.} 26. Rxc8 Rxc8 27. Ra1 Rc1+ 28. Rxc1 Bxc1 29. Nf1 (29. Bf1 $17 {is a better defense.}) 29... Bd3 30. Ne3 Be4 {[%emt 0:01:15] ...a5 would now be deadly.} 31. Ne1 Bxg2 (31... Bb2 $17 32. Bxe4 dxe4) 32. Kxg2 {[%emt 0:00:00][%mdl 4096] Endgame. KBN-KNN} a5 33. N1c2 (33. Kf3 $1 $15) 33... Nxc2 34. Nxc2 {[%emt 0:00:00] KB-KN} b5 {[%emt 0:01:09] Hoping for ...b4.} 35. Kf3 Kf8 36. Ke2 Ke7 37. Ne3 $2 {[%emt 0:00:00][%mdl 8192] Now White is beyond hope.} (37. Kd3 $15) 37... Bxe3 $1 $19 38. Kxe3 {[%emt 0:00:00] [#] KP-KP} (38. fxe3 $142 f6 39. exf6+ Kxf6 40. Kd3) 38... g5 $1 39. b4 axb4 {[%emt 0:00:51] Black mates.} 40. Kd3 Kd7 41. Kc2 Kc6 42. Kb3 Kb7 43. Kxb4 {[%emt 0:02:25] [#]} Kb6 $1 44. f3 h6 45. Kc3 Ka5 46. f4 b4+ 47. Kd3 gxf4 48. h4 f3 49. g5 f2 50. Ke2 b3 51. g6 b2 52. gxf7 {[%emt 0:00:09] [#]} f1=Q+ $1 53. Kxf1 b1=Q+ (53... b1=R+ $2 {too greedy.} 54. Ke2 Rb8 55. e6 $18) 54. Ke2 Qf5 {[%emt 0:00:04] Weighted Error Value: White=0.50/Black=0.11 (very precise) .  Loses game:     	White=1     	---        Mistake:       	White=5     	Black=3      Inaccurate:     	White=3     	Black=1      OK:         	White=11    	Black=10     Best:        	White=2     	Black=1      Strong:       	White=1     	Black=3} 0-1

[Event "1000 GM Labor Day Super Swiss 2024"]
[Site "San Jose"]
[Date "2024.08.31"]
[Round "2.19"]
[White "Atwell, Rose"]
[Black "Gongora Montes, Benjamin"]
[Result "0-1"]
[Annotator "TA"]
[ECO "E10"]
[WhiteElo "2208"]
[BlackElo "2111"]
[PlyCount "72"]
[EventDate "2024.08.30"]
[EventCountry "USA"]
[SourceTitle "playchess.com"]
[Source "ChessBase"]
[SourceQuality "1"]
[TimeControl "5400+30"]

1. d4 Nf6 2. c4 Nc6 3. Nf3 e6 4. a3 d5 5. Nc3 Be7 6. e3 O-O 7. Bd3 b6 8. cxd5 {White is slightly better.} exd5 9. Qc2 Bb7 10. b4 a6 11. Bb2 Bd6 12. O-O Nb8 13. b5 Re8 14. a4 Ne4 (14... c6 $11 {remains equal.}) 15. Ne2 Nd7 16. g3 Qf6 17. Kg2 g5 18. a5 g4 19. Nh4 axb5 20. Bxb5 c6 $1 21. f3 (21. Bxc6 $2 Rac8 22. Qd3 Bxc6 $19) ({White should try} 21. a6 $14 cxb5 22. axb7 Rxa1 23. Bxa1) 21... Nxg3 22. hxg3 cxb5 23. fxg4 Qe6 {Some like it hot} 24. Nf5 (24. Nf4 $1 $11 Bxf4 (24... Qxg4 25. Nf5 $11) 25. Rxf4) 24... bxa5 (24... Rxa5 25. Nxd6 Qxd6 26. Rxf7) ({Black should play} 24... Bf8 $15 25. a6 (25. Nf4 Rec8 $17) 25... Rxa6 (25... Bxa6 26. Nf4 $15) 26. Rxa6 Rc8 (26... Bxa6 27. Ra1 $11)) 25. Nxd6 (25. Nf4 $11 {keeps the balance.} Bxf4 26. Rxf4) 25... Qxd6 $17 26. Rxf7 {[%csl Gf7][%cal Rc2h7] [#]} Re4 $1 $36 {[%mdl 2048] Keeping White busy.} (26... Kxf7 $2 27. Qxh7+ Ke6 28. Nf4+ $18) 27. Raf1 {Black must now prevent Nc3.} Rf8 $2 (27... b4 $1 $17 {[%cal Ob7a6] aiming for ...Ba6!} 28. R7f5 Rxg4 (28... Rxe3 29. Rg5+ Kh8 30. Rf7 $16)) 28. Rxf8+ $11 Nxf8 29. Nc3 $2 (29. Nf4 $11) 29... Rxe3 $19 ({Weaker is} 29... Rxg4 30. Qf2 Nd7 31. Nxb5 $15) 30. Qf2 (30. Ne2 {might work better.}) 30... Qe7 31. Kh3 $2 (31. Qf5 Ne6 32. Rf3 Nxd4 33. Rxe3 Qxe3 34. Qf2 Qxf2+ 35. Kxf2) 31... b4 {[%emt 0:00:30][%cal Of8e6] Threatens to win with ...Ne6!} 32. Na4 (32. Nd1 $142 Re6 33. Qf3) 32... Ba6 33. Rc1 Bb5 34. Nb6 Re6 35. Qf4 {[%emt 0:00:30] Dodges Rh6+} Rxb6 36. Rc7 {[%emt 0:00:30] [#]} Bf1+ $1 {[%emt 0:00:30] Weighted Error Value: White=1.00/Black=0.42.  Loses game:     	White=1     	---        Mistake:       	White=6     	Black=3      Inaccurate:     	White=2     	Black=4      OK:         	White=4     	Black=6      Best:        	White=3     	Black=4      Strong:       	---       	Black=2} 0-1

[Event "1000 GM Labor Day Super Swiss 2024"]
[Site "San Jose"]
[Date "2024.08.31"]
[Round "2.20"]
[White "Guo, Ethan"]
[Black "Gonzalez Zharikov, Andrey"]
[Result "1-0"]
[Annotator "TA"]
[ECO "B11"]
[WhiteElo "2211"]
[BlackElo "2070"]
[PlyCount "121"]
[EventDate "2024.08.30"]
[EventCountry "USA"]
[SourceTitle "playchess.com"]
[Source "ChessBase"]
[SourceQuality "1"]
[TimeControl "5400+30"]

1. e4 c6 2. Nc3 d5 3. Nf3 dxe4 4. Nxe4 Nf6 5. Qe2 Nxe4 6. Qxe4 Nd7 {[%emt 0:01:07] B11: Caro-Kann: Two Knights Variation.} 7. Bc4 Nf6 8. Ne5 e6 9. Qe2 Be7 10. O-O O-O 11. a4 Qc7 12. d4 b6 13. Bf4 Bd6 $146 ({Predecessor:} 13... Qb7 14. a5 bxa5 15. b3 Nd5 16. Bd2 c5 17. dxc5 Bxc5 18. Rxa5 Bb4 19. Rb5 Qe7 {1-0 Plotkin,M (2344)-Meneses,R (1783) Toronto Candidates Blitz op 2024 (1)}) 14. a5 bxa5 15. Ra4 Rb8 16. Rfa1 Nd5 17. Bd2 c5 18. Bxa5 Qb7 (18... Nb6 $11) 19. Bb3 (19. dxc5 $2 Nf4 20. Qf3 Bxe5 $19) (19. Bxd5 $1 $16 Qxd5 20. c4 Qxd4 21. Bc3) 19... cxd4 (19... Nf4 $11 20. Qg4 cxd4 21. Qxf4 Qb5) 20. Rxd4 $14 f6 21. Nd3 Qf7 22. Re1 Rxb3 23. cxb3 e5 24. Rc4 Ba6 25. Qf3 Bb7 (25... Bxc4 $11 {keeps the balance.} 26. bxc4 Bc7) 26. Qe2 (26. Qg3 $1 $16) 26... Nb6 {[%emt 0:06:08] [#]} (26... Ba6 $11) 27. Nb4 (27. Bxb6 $1 $14 axb6 (27... Qd5 28. Nf4) 28. Qe3) 27... Nxc4 $15 28. bxc4 Rc8 29. b3 Bc5 (29... Qg6 $15 30. Nd5 Bxd5 31. cxd5 Rc2) 30. Rd1 $11 Bd4 31. Nc2 Qg6 32. g3 Qf5 33. Rd2 {[%emt 0:00:00] [#]} (33. Nxd4 $15 exd4 34. Bb4) 33... Bf3 (33... h5 $1 $19 34. Bb4 Bf3) 34. Qe1 $17 Bc5 ({Better is} 34... Bc6 $17 {Threatens to win with ...Qf3.} 35. Nxd4 exd4 36. Rxd4 Re8) 35. b4 $1 $11 Bf8 36. Ne3 Qe4 37. Qc1 g6 38. Qc2 (38. c5 {feels stronger.}) 38... Qb7 (38... Qxc2 $11 39. Rxc2 Kf7) 39. c5 Bc6 40. Qc4+ Kg7 41. Qe6 Re8 42. Qc4 Bb5 43. Qg4 h5 44. Qd1 Qe4 45. Qc2 Qf3 46. Qd1 Qe4 47. Qc2 Qf3 48. Nd5 Bc6 49. Qd3 e4 50. Qe3 Re5 51. Nc3 a6 (51... Kf7 $14) 52. Bc7 $16 Re8 {[%emt 0:00:39] [#]} 53. Bd6 $1 h4 (53... g5 $16 54. Bxf8+ Rxf8) 54. Bxf8+ Rxf8 (54... Kxf8 $142 55. Rd6 (55. gxh4 Kf7 $16) 55... h3 56. Qxf3 (56. Rxc6 $2 Qg2#) 56... exf3) 55. Ne2 $2 ({White should play} 55. gxh4 $18 {Strongly threatening Rd6.} Qg4+ 56. Qg3) 55... hxg3 56. hxg3 (56. Qxf3 {simplifies} exf3 57. Nd4 gxh2+ 58. Kxh2 Bd5 59. Nb5) 56... Qh5 (56... Rb8 $1 $11 {might be stronger.}) 57. Nf4 $1 $14 Qg4 $2 (57... Qe5 $1 $14 58. Qd4 (58. Rd6 Qa1+ 59. Kg2 Rh8 60. Ne6+ Kf7 61. Ng5+ fxg5 62. Qb3+ Kg7) 58... Qe8) 58. Rd6 $18 Rh8 (58... Bd7 $142 59. c6 (59. Rxa6 Qd1+ 60. Kg2 Rh8 61. Ne6+ Bxe6 62. Ra7+ Bf7) (59. Qxe4 Bf5 $18) 59... Bf5) 59. Qd4 $18 (59. Rxc6 $2 {leads to mate.} Qd1+) 59... Be8 60. Qxf6+ Kg8 61. Rd8 (61. Rxa6 $2 {is a self mate.} Qd1+ 62. Kg2 Qh1#) 1-0

[Event "1000 GM Labor Day Super Swiss 2024"]
[Site "San Jose"]
[Date "2024.08.31"]
[Round "2.21"]
[White "Garduno Huerta, Joshua Emiliano"]
[Black "Piasetski, Leon"]
[Result "1/2-1/2"]
[Annotator "TA"]
[ECO "E11"]
[WhiteElo "2056"]
[BlackElo "2167"]
[PlyCount "72"]
[EventDate "2024.08.30"]
[EventCountry "USA"]
[SourceTitle "playchess.com"]
[Source "ChessBase"]
[SourceQuality "1"]
[TimeControl "5400+30"]

1. d4 Nf6 2. c4 e6 3. Nf3 Bb4+ 4. Bd2 Qe7 5. g3 Bxd2+ 6. Nbxd2 d6 7. Bg2 e5 8. e4 Bg4 9. Qc2 O-O 10. O-O Bxf3 11. Nxf3 c5 12. d5 Nbd7 13. Nd2 Nh5 14. Bf3 Qg5 {[%emt 0:01:10] White is slightly better.} 15. Qd1 {[%emt 0:06:25][%cal Oh2h4] [#] aiming for h4!} Nhf6 16. Bg2 h5 17. f4 (17. Nf3 $14 Qg4 18. Re1) 17... Qh6 $11 18. Qf3 h4 19. Rf2 Qh5 (19... a6 $11) 20. Re1 ({Better is} 20. Qxh5 $14 Nxh5 21. Bh3 (21. gxh4 Nxf4 22. Rf3 g6 $17)) 20... Qxf3 (20... hxg3 $1 $15 21. Qxg3 exf4 22. Qxf4 (22. Rxf4 Qh6 $17) 22... Rad8) 21. Rxf3 hxg3 22. hxg3 Ng4 (22... Rfe8 $11) 23. Bh3 $14 Ndf6 24. Nf1 Rfe8 25. Bxg4 (25. Kg2 $14 {might be stronger.}) 25... Nxg4 $11 26. Ne3 Nxe3 27. Rfxe3 {[%emt 0:00:10][%mdl 4096] Endgame. KRR-KRR} g6 28. Kf2 Kg7 29. Kf3 Re7 30. Rh1 Rae8 ({Black should try} 30... exf4 $11 31. gxf4 Rae8) 31. Rh2 (31. f5 $14) 31... exf4 {[%emt 0:05:29] The position is equal.} 32. gxf4 f5 33. Rhe2 {[%emt 0:00:15] Black must now prevent e5.} Kf6 34. exf5 {[%emt 0:00:30] [#] And now Re6+ would win.} Rxe3+ 35. Rxe3 Rxe3+ 36. Kxe3 {[%emt 0:00:30] fxg6 would now be deadly.} gxf5 {[%emt 0:00:30] Weighted Error Value: White=0.23 (precise) /Black=0.18 (very precise) .  Mistake:       	White=4     	Black=4      Inaccurate:     	White=1     	---        OK:         	White=3     	Black=14     Best:        	White=1     	---} 1/2-1/2

[Event "1000 GM Labor Day Super Swiss 2024"]
[Site "San Jose"]
[Date "2024.08.31"]
[Round "2.22"]
[White "Zuluaga Mancilla, Cesar"]
[Black "Widjaja, Luke"]
[Result "0-1"]
[Annotator "TA"]
[ECO "D30"]
[WhiteElo "2166"]
[BlackElo "2056"]
[PlyCount "52"]
[EventDate "2024.08.30"]
[EventCountry "USA"]
[SourceTitle "playchess.com"]
[Source "ChessBase"]
[SourceQuality "1"]
[TimeControl "5400+30"]

1. d4 d5 2. Nf3 Nf6 3. c4 e6 4. Nbd2 c5 5. e3 cxd4 6. Nxd4 Nc6 7. N4f3 Bd6 8. Be2 {[%emt 0:03:43] The position is equal.} O-O 9. O-O Bc7 10. cxd5 exd5 11. Nb3 (11. b3 $11) 11... Qd6 12. g3 Ne4 13. Nbd4 a6 {[%emt 0:03:59] Repels Nb5} 14. Bd2 Bh3 15. Re1 Qf6 16. Nxc6 bxc6 ({Much worse is} 16... Qxc6 $6 17. Rc1 Qd7 18. Bb4 $11) 17. Rc1 Be5 {[%emt 0:10:50] Black is much more active.} ({Much weaker is} 17... Qxb2 18. Rxc6 Bd6 19. Qa1 Qxa1 20. Rxa1 $11) 18. Qa4 $2 {[%emt 0:04:46] Loses the game.} (18. Rxc6 $17 {might work better.} Qxc6 19. Nxe5) 18... c5 $19 ({Less strong is} 18... Bxb2 19. Rxc6 Qf5 20. Rd1 $17) 19. Red1 Bxb2 20. Rb1 Bc3 {[%emt 0:02:07] [#] aiming for ...Bxd2.} 21. Bc1 d4 22. Rb3 $2 (22. exd4 Bxd4 23. Qc4) 22... Bg4 23. Kg2 Ng5 24. Ng1 Bxe2 25. Nxe2 Qf3+ 26. Kf1 Nh3 {[%emt 0:00:21] Weighted Error Value: White=1.04/Black=0.11 (very precise) .  Loses game:     	White=1     	---        Mistake:       	White=2     	---        Inaccurate:     	White=2     	Black=2      OK:         	White=3     	Black=8      Best:        	White=2     	---} 0-1